 Dungeon Crawl Stone Soup version 0.18.1-48-g4cf74bf (webtiles) character file.

73 raph the Slasher (level 4, 0/39 HPs)
             Began as a Minotaur Fighter on July 11, 2016.
             Succumbed to an adder's poison
             ... on level 2 of the Dungeon.
             The game lasted 00:02:20 (922 turns).

raph the Slasher (Minotaur Fighter)                  Turns: 922, Time: 00:02:21

Health: 0/39       AC: 13    Str: 20    XL:     4   Next: 8%
Magic:  3/3        EV:  5    Int:  5    God:
Gold:   67         SH:  9    Dex: 10    Spells: 0 memorised, 3 levels left

rFire  . . .     SeeInvis .     a - +0 long sword
rCold  . . .     Gourm    .     n - +0 chain mail
rNeg   . . .     Faith    .     c - +0 shield
rPois  .         Spirit   .     (helmet restricted)
rElec  .         Dismiss  .     (no cloak)
rCorr  .         Reflect  .     (no gloves)
SustAt .         Harm     .     (no boots)
MR     .....                    (no amulet)
Stlth  ..........               (no ring)
                                (no ring)

@: lethally poisoned (0 -> -4), flying, not resistant to hostile enchantments,
extremely unstealthy
A: retaliatory headbutt, horns 2, rough black scales 1
a: no special abilities


You were on level 2 of the Dungeon.
You were not hungry.

You visited 1 branch of the dungeon, and saw 2 of its levels.

You collected 67 gold pieces.

Inventory:

Hand Weapons
 a - a +0 long sword (weapon)
Missiles
 h - 5 tomahawks (quivered)
Armour
 b - a +0 scale mail
 c - a +0 shield (worn)
 n - a +0 chain mail (worn)
Scrolls
 e - a scroll of noise {unknown}
 g - 4 scrolls of identify {unknown}
 i - a scroll of teleportation {unknown}
Potions
 d - a potion of might
 m - a potion of cure mutation
Comestibles
 f - a bread ration
 j - 2 chunks of flesh
 k - a beef jerky


   Skills:
 - Level 3.6 Fighting
 + Level 5.3 Long Blades
 - Level 3.6 Armour
 - Level 3.6 Shields


You had 3 spell levels left.
You didn't know any spells.

Dungeon Overview and Level Annotations

Branches:
Dungeon (2/15)

Altars:
Elyvilon


Innate Abilities, Weirdness & Mutations

You reflexively headbutt those who attack you in melee.
You have a pair of horns on your head.
You are partially covered in rough black scales (AC +4, Dex -1).


Message History

Okay, then.
You closely miss the adder.
The adder is moderately wounded.
* * * LOW HITPOINT WARNING * * *
You feel sick. The adder bites you but does no damage.
You slash the adder!
You kill the adder!
You have reached level 4!
You feel agile.
* * * LOW HITPOINT WARNING * * *
You feel sick.
* * * LOW HITPOINT WARNING * * *
You feel sick.
There is a lethal amount of poison in your body!
Drink which item? (? for menu, Esc to quit)
Okay, then.
* * * LOW HITPOINT WARNING * * *
You feel sick.
A bat comes into view.
You die...

########################
................@..(...b
####.#####.###.......###
#.# #............# # #.#
#............# . #.#
#.........#### ..##.#
.#.........#
..##.##.#.........#
..##.##.#.........#
#.##.##.#.........#


You could see a bat (sleeping).

Vanquished Creatures
  3 adders (D:2)
  A gnoll (D:1)
  2 dart slugs
  6 bats
  A giant cockroach (D:1)
  6 goblins
  A hobgoblin (D:1)
  7 kobolds
  A quokka (D:2)
  A ball python (D:1)
  3 giant newts
  3 rats (D:1)
35 creatures vanquished.

Notes
Turn   | Place    | Note
--------------------------------------------------------------
     0 | D:1      | raph the Minotaur Fighter began the quest for the Orb.
     0 | D:1      | Reached XP level 1. HP: 19/19 MP: 0/0
   199 | D:1      | Reached skill level 3 in Long Blades
   239 | D:1      | Reached XP level 2. HP: 26/26 MP: 1/1
   297 | D:1      | Reached skill level 4 in Long Blades
   436 | D:1      | Reached XP level 3. HP: 31/31 MP: 2/2
   793 | D:2      | Found a white marble altar of Elyvilon.
   832 | D:2      | Reached skill level 5 in Long Blades
   914 | D:2      | Gained mutation: You are partially covered in rough black scales (AC +4, Dex -1). [potion of beneficial mutation]
   917 | D:2      | Reached XP level 4. HP: 4/39 MP: 3/3
   920 | D:2      | HP: 1/39 [poisoned by an adder]
   922 | D:2      | Succumbed to an adder's poison

Skill      XL: |  1  2  3 |
---------------+----------+-----
Long Blades    | 3 4 5 |  5.3
Fighting       | |  3.6
Armour         | |  3.6
Shields        | |  3.6

Action                   |  1- 3 |  4- 6 || total
-------------------------+-------+-------++-------
Melee: Long sword        |    82 |       ||    82
       Headbutt          |     8 |       ||     8
  Use: Potion            |     3 |       ||     3
Armor: Scale mail        |    24 |       ||    24
       Chain mail        |    15 |       ||    15
Dodge: Dodged            |    31 |       ||    31
Block: Shield            |    58 |       ||    58
